 Dungeon Crawl Stone Soup version 0.28-a0-1524-ge72afd5fc6 (webtiles) character file.

Game seed: 607116366383714627

655 gimp the Magician (level 7, -1/50 HPs)
             Began as a Djinni Hedge Wizard on Jan 18, 2022.
             Slain by a bullfrog zombie (4 damage)
             ... on level 4 of the Dungeon.
             The game lasted 00:10:27 (6392 turns).

gimp the Magician (Djinni Hedge Wizard)             Turns: 6392, Time: 00:10:27

Health: -1/50      AC:  3    Str: 15    XL:     7   Next: 85%
Gold:   172        EV: 16    Int: 17    God:
                   SH:  0    Dex: 13

rFire   + + .      SeeInvis .   a - +0 dagger
rCold   x . .      Faith    .   (no shield)
rNeg    . . .      Spirit   .   b - +0 robe
rPois   ∞          Reflect  .   c - +0 hat
rElec   .          Harm     .   (no cloak)
rCorr   .          Rampage  .   m - +0 pair of gloves
Will    .....                   (boots unavailable)
Stlth   ++........              (no amulet)
HPRegen 0.16/turn               p - +6 ring of strength
MPRegen 0.00/turn               f - +4 ring of evasion

@: flying
A: sickness immunity, fire resistance 2, cold vulnerability 1, float, innate
caster, hp casting, extra vitality 1
a: no special abilities


You were on level 4 of the Dungeon.
You visited 1 branch of the dungeon, and saw 4 of its levels.

You collected 172 gold pieces.

Inventory:

Hand Weapons
 a - a +0 dagger (weapon)
Missiles
 n - 6 poisoned darts
Armour
 b - a +0 robe (worn)
 c - a +0 hat (worn)
 m - a +0 pair of gloves (worn)
Jewellery
 f - a +4 ring of evasion (right hand)
 p - a +6 ring of strength (left hand)
Scrolls
 d - 4 scrolls of identify {unknown}
 e - a scroll of summoning {unknown}
 i - a scroll of enchant armour {unknown}
 j - a scroll of blinking {unknown}
 l - a scroll of noise {unknown}
 q - a scroll of fear {unknown}
Potions
 g - 2 potions of curing
 h - a potion of brilliance {unknown}
 k - 2 potions of attraction {unknown}
 o - a potion of degeneration {unknown}


   Skills:
 - Level 3.0 Fighting
 - Level 2.1 Dodging
 + Level 3.1 Stealth
 * Level 5.6 Spellcasting


You couldn't memorise any spells.
You knew the following spells:

 Your Spells              Type           Power      Damage    Failure   Level
a - Magic Dart            Conj           92%        1d7       1%          1
b - Blink                 Tloc           46%        N/A       1%          2
c - Call Imp              Summ           23%        N/A       1%          2
d - Slow                  Hex            92%        N/A       1%          1
e - Conjure Flame         Conj/Fire      23%        6-21      4%          3
f - Mephitic Cloud        Conj/Pois/Air  23%        N/A       4%          3
g - Foxfire               Conj/Fire      92%        2x1d8     1%          1
h - Searing Ray           Conj           46%        2d6       1%          2
i - Portal Projectile     Hex/Tloc       46%        N/A       4%          3
Your spell library was empty.

Dungeon Overview and Level Annotations

Branches:
Dungeon (4/15)
 Temple: D:4-7

Altars:
Elyvilon

Shops:
D:2 [   D:4 (

Annotations:
D:2 Terence
D:3 2 transporters


Innate Abilities, Weirdness & Mutations

You are immune to sickness and miasma.
You are immune to poison.
Your flesh is very heat resistant. (rF++)
You are vulnerable to cold. (rC-)
You float through the air rather than walking.
You learn spells naturally, not from books.
Your magical power is your life essence.
You have superior vitality. (+4 MHP)


Message History

You feel better. The bullfrog zombie misses you.
Your white imp completely misses the bullfrog zombie.
You regained 11 hp, and now have 14/50 hp.
A bullfrog skeleton comes into view.
Your white imp barely misses the bullfrog zombie.
Casting: Call Imp (safe; 1% risk of failure)
Confirm with . or Enter, or press ? or * to list all spells.
Aiming: Magic Dart (safe; 1% risk of failure)
Press: ? - help, Shift-Dir - straight line, f - bullfrog zombie
Aim: a bullfrog zombie (moderately damaged, ally target, 100% to hit)
The magic dart hits the bullfrog zombie!
The bullfrog zombie is heavily damaged.
* * * LOW HITPOINT WARNING * * *
The bullfrog zombie hits you.
* * * LOW HITPOINT WARNING * * *
The bullfrog zombie barely misses you.
Your white imp hits the bullfrog zombie.
Your white imp freezes the bullfrog zombie.
The bullfrog zombie completely resists.
You take 4 damage, and have 10/50 hp.
You hit the bullfrog zombie.
The bullfrog zombie is severely damaged.
The bullfrog zombie hits you.
* * * LOW HITPOINT WARNING * * *
Your white imp hits the bullfrog zombie.
Your white imp freezes the bullfrog zombie.
The bullfrog zombie completely resists.
You take 2 damage, and have 8/50 hp.
You hit the bullfrog zombie.
The bullfrog zombie is almost destroyed.
The bullfrog zombie hits you but does no damage.
Your white imp gestures at the bullfrog zombie.
The puff of frost hits the bullfrog zombie.
The bullfrog zombie resists.
You hit the bullfrog zombie.
The bullfrog zombie is almost destroyed.
The bullfrog zombie hits you.
* * * LOW HITPOINT WARNING * * *
The bullfrog zombie hits you.
You die...

.........+..........#............
###......##...##....##.####.##.##
###..†...#######....##.####+##.##
......)...#.............#...#....
..........#.............#...#....
..........#.............'...#....
####..†####...####.....##...##...
# #...####+######.....##...##...
#...).......Z@......#.........
#..........5........#.........
#...)...............#.........
#...................#....:....
#...................#.........
#...###.....###.....###+###+##
####...###.....###.....#.........
.......................#.........
....................>..#.........


You could see a bullfrog zombie (ally target) and a friendly white imp
(summoned).

Vanquished Creatures
  Sigmund (D:2)
  An ice beast (D:3)
  An ogre (D:3)
  A scorpion (D:4)
  A howler monkey (D:4)
  A jelly (D:4)
  A hound (D:4)
  An iguana (D:4)
  An orc wizard (D:4)
  2 adders (D:2)
  3 worms (D:2)
  6 dart slugs
  6 ball pythons
  9 endoplasms
  5 giant cockroaches
  9 goblins
  10 hobgoblins
  4 quokkas
  6 bats
  A frilled lizard (D:1)
  11 kobolds
  8 rats
89 creatures vanquished.

Notes
Turn   | Place    | Note
-------+----------+-------------------------------------------
     0 | D:1      | gimp the Djinni Hedge Wizard began the quest for the Orb.
     0 | D:1      | Reached XP level 1. HP: 15/15 MP: 0/0
    22 | D:1      | Found a faded altar of an unknown god.
   195 | D:1      | Reached XP level 2. HP: 14/22 MP: 0/0
   721 | D:1      | Reached skill level 1 in Fighting
  1012 | D:1      | Reached XP level 3. HP: 25/27 MP: 0/0
  1012 | D:1      | Learned a level 1 spell: Foxfire
  1143 | D:1      | Reached skill level 3 in Spellcasting
  1438 | D:2      | Found Plog's Antique Armour Shop.
  2155 | D:2      | Reached XP level 4. HP: 28/33 MP: 0/0
  2458 | D:2      | Noticed Sigmund
  2559 | D:2      | Killed Sigmund
  2560 | D:2      | Reached skill level 4 in Spellcasting
  2560 | D:2      | Reached XP level 5. HP: 13/40 MP: 0/0
  2560 | D:2      | Learned a level 2 spell: Searing Ray
  2560 | D:2      | Reached XP level 6. HP: 15/45 MP: 0/0
  2850 | D:2      | Noticed Terence
  4050 | D:3      | Found a transporter.
  4079 | D:3      | Found a transporter.
  4300 | D:3      | Noticed an ice beast
  4508 | D:3      | Killed an ice beast
  5106 | D:4      | Found a white marble altar of Elyvilon.
  5123 | D:4      | Noticed an ogre
  5429 | D:3      | Killed an ogre
  5430 | D:3      | Reached skill level 5 in Spellcasting
  5430 | D:3      | Reached XP level 7. HP: 13/50 MP: 0/0
  5430 | D:3      | Learned a level 3 spell: Portal Projectile
  5769 | D:4      | Found Uthreemu's Weapon Boutique.
  6392 | D:4      | Slain by a bullfrog zombie

Illustrated notes

Levels and vault maps discovered:
D:1:      dpeg_arrival_pond, layout_loops_corners,
          dreamdust_ecumenical_altar_hidden_monk_grotto, nrook_campfire,
          kennysheep_boxes
D:2:      layout_loops_ring, serial_shops, shop, minmay_divided_ellipse,
          uniq_sigmund, uniq_terence
D:3:      gammafunk_steamed_eel, layout_loops_ring, kennysheep_nondescript
D:4:      layout_gridville, elyvilon_altar_1, serial_shops, shop,
          minmay_manual_monstrance

Skill      XL: |  1  2  3  4  5  6  7 |
---------------+----------------------+-----
Fighting       | 1 2 3 |  3.0
Spellcasting   | 3 4 5 |  5.6
Stealth        | 2 3 |  3.1
Dodging        | |  2.1

Action                   |  1- 3 |  4- 6 |  7- 9 || total
-------------------------+-------+-------+-------++-------
Melee: Dagger            |     3 |    31 |    12 ||    46
 Cast: Magic Dart        |    95 |   142 |    60 ||   297
       Mephitic Cloud    |       |     8 |     5 ||    13
       Call Imp          |       |     3 |     3 ||     6
       Blink             |       |     1 |     1 ||     2
  Use: Potion            |       |       |     2 ||     2
 Stab: Confused          |       |     2 |     1 ||     3
Armor: Robe              |     2 |     5 |     3 ||    10
Dodge: Dodged            |    10 |    30 |    11 ||    51

Table legend: (Time is in decaauts)
 A = Elapsed time spent in this place.
 B = Non-inter-level travel time spent in this place.
 C = Inter-level travel time spent in this place.
 D = Time resting spent in this place.
 E = Time spent auto-exploring this place.
 F = Levels seen in this place.
 G = Mean time per level.
                   A        B        C        D        E       F      G
               +--------+--------+--------+--------+--------+-----+--------+
         Total |   6393 |   6280 |    113 |    431 |   4698 |   4 | 1598.2 |
       Dungeon |   6393 |   6280 |    113 |    431 |   4698 |   4 | 1598.2 |
               +--------+--------+--------+--------+--------+-----+--------+

Top non-repeatable levels by time:
     D:2: 2542 daAuts
     D:1: 1664 daAuts
     D:3: 1334 daAuts
     D:4: 851 daAuts
